 Dungeon Crawl Stone Soup version 0.17.0-57-g0e89251 (webtiles) character file.

953 Aarh the Ruffian (level 7, -6/70 HPs)
             Began as a Troll Monk on Dec 8, 2015.
             Mangled by a killer bee (8 damage)
             ... on level 7 of the Dungeon.
             The game lasted 00:25:49 (3866 turns).

Aarh the Ruffian (Troll Monk)                       Turns: 3866, Time: 00:25:49

Health: -6/70      AC:  5    Str: 20    XL:     7   Next: 90%
Magic:  6/6        EV: 11    Int:  8    God:
Gold:   226        SH:  0    Dex: 12    Spells: 0 memorised, 6 levels left

rFire  . . .     SeeInvis .       - Unarmed
rCold  . . .     Clarity  .     a - +0 robe
rNeg   . . .     SustAt   .     (no shield)
rPois  .         Gourm    +     (helmet restricted)
rElec  .         Spirit   .     (no cloak)
rCorr  .         Warding  .     (gloves unavailable)
rMut   .         Stasis   .     (boots unavailable)
MR     .....                    (no amulet)
Stlth  ++........               (no ring)
                                (no ring)

@: hasted, very quick, not resistant to hostile enchantments, unstealthy
A: unfitting armour, claws 3, fast metabolism 3, gourmand, regeneration 2,
shaggy fur 1, tough skin 2
a: no special abilities


You were on level 7 of the Dungeon.
You were very full.

You visited 1 branch of the dungeon, and saw 7 of its levels.

You collected 226 gold pieces.

Inventory:

Hand Weapons
 q - a +0 giant spiked club
   (You took it off an ogre on level 4 of the Dungeon)
 s - a +0 short sword
   (You took it off a kobold on level 2 of the Dungeon)
 t - a +0 hunting sling
   (You took it off a goblin on level 2 of the Dungeon)
 I - a +0 hand crossbow
   (You found it on level 4 of the Dungeon)
 Q - a +2 dagger of venom
   (You took it off an orc wizard on level 6 of the Dungeon)
Missiles
 e - a throwing net
 k - 41 sling bullets
 x - 6 javelins (quivered)
 B - 4 poisoned tomahawks
 E - 20 poisoned needles
 G - 5 large rocks
 N - 15 sling bullets of frost
Armour
 a - a +0 robe (worn)
 C - a +0 large shield
   (You found it on level 4 of the Dungeon)
 L - a +0 large shield
   (You found it on level 5 of the Dungeon)
Magical Staves
 w - an uncursed staff of air {unknown}
   (You found it on level 3 of the Dungeon)
Jewellery
 o - a cursed ring of loudness {unknown}
   (You took it off a goblin on level 2 of the Dungeon)
 H - an uncursed amulet of resist mutation {unknown}
   (You found it on level 4 of the Dungeon)
Wands
 J - a wand of disintegration (6)
   (You found it on level 6 of the Dungeon)
Scrolls
 d - a scroll of amnesia {unknown}
 f - 2 scrolls of remove curse
 g - a scroll of noise
 l - 2 scrolls of teleportation {unknown}
 v - a scroll of magic mapping
 y - a scroll of recharging {unknown}
 O - a scroll of fear {unknown}
 P - 2 scrolls of identify
Potions
 c - a potion of haste
 h - a potion of agility {unknown}
 i - a potion of magic {unknown}
 m - a potion of curing
 n - 2 potions of lignification {unknown}
 p - 2 potions of cancellation {unknown}
 r - a potion of poison {unknown}
 u - a potion of mutation {unknown}
 z - a potion of flight {unknown}
 A - a potion of berserk rage {unknown}
 D - a potion of brilliance {unknown}
 K - a potion of heal wounds {unknown}
 M - a potion of resistance {unknown}
Comestibles
 b - 4 bread rations
 j - 2 fruits
 F - 2 meat rations


   Skills:
 * Level 4.3 Fighting
 * Level 2.2 Throwing
 + Level 4.5 Dodging
 * Level 2.6 Stealth
 + Level 6.0 Unarmed Combat


You had 6 spell levels left.
You didn't know any spells.

Dungeon Overview and Level Annotations

Branches:
Dungeon (7/15)
 Temple: D:4-7

Altars:
Cheibriados
Elyvilon
Kikubaaqudgha
Nemelex Xobeh
Okawaru
Ru
Vehumet
Xom

Annotations:
D:4 Crazy Yiuf


Innate Abilities, Weirdness & Mutations

You are too large for most types of armour.
You have claws for hands.
Your metabolism is lightning-fast.
You like to eat raw meat.
You heal very quickly.
You are covered in fur (AC +1).
You have very tough skin (AC +2).


Message History

You miss the killer bee.
You feel sick.
The killer bee buzzes angrily.
The killer bee stings you but does no damage.
The killer bee closely misses you.
You claw the killer bee!
The killer bee is heavily wounded.
The killer bee stings you. x2
* * * LOW HITPOINT WARNING * * *
You scratch the killer bee.
The killer bee is severely wounded.
The killer bee barely misses you. The killer bee closely misses you.
An adder comes into view.
You claw the killer bee!
You kill the killer bee!
You feel sick. The killer bee closely misses you.
Drink which item? (? for menu, Esc to quit)
You feel better. The killer bee stings you. The killer bee closely misses you.
You closely miss the killer bee. The killer bee barely misses you.
The killer bee barely misses you.
You claw the killer bee!
The killer bee is heavily wounded.
The killer bee closely misses you. x2
You miss the killer bee.
The killer bee is heavily wounded.
The killer bee stings you!
* * * LOW HITPOINT WARNING * * *
You miss the killer bee.
The killer bee is heavily wounded.
The killer bee stings you.
* * * LOW HITPOINT WARNING * * *
You are poisoned.
The killer bee poisons you! The killer bee stings you.
* * * LOW HITPOINT WARNING * * *
Drink which item? (? for menu, Esc to quit)
You feel better. The killer bee stings you.
* * * LOW HITPOINT WARNING * * *
The killer bee stings you.
* * * LOW HITPOINT WARNING * * *
Read which item? (? for menu, Esc to quit)
As you read the scroll labeled ONISIC PUAX, it crumbles to dust.
You hear a loud clanging noise!
It was a scroll of noise.
You hear an angry buzzing noise.
The killer bee stings you but does no damage.
The killer bee stings you.
* * * LOW HITPOINT WARNING * * *
Drink which item? (? for menu, Esc to quit)
It was a potion of haste.
You feel yourself speed up. The killer bee stings you!
You die...

# ###
#.###S#####.#
#....yy@....# .
....#.#####.#
.... # #.# y
#.#. #.# #.##.#.
#.# ....... #.#
......##+# #.#
#.#..#.#.#####.#
#..............#


You could see 2 killer bees and an adder.

Vanquished Creatures
  Monster Symbol All '5'
  A crimson imp (D:6)
1 creature vanquished. All 'J' An ooze (D:4)
1 creature vanquished. All 'K' 9 kobolds (D:1 D:2 D:3)
9 creatures vanquished. All 'M' Menkaure (D:6)
1 creature vanquished. All 'O' An ogre (D:4)
1 creature vanquished. All 'S' 4 adders (D:2 D:4 D:3) A ball python (D:2)
5 creatures vanquished. All 'Z' A centaur skeleton (D:6) A worker ant zombie (D:5) An adder zombie (D:6) An adder skeleton (D:4)
4 creatures vanquished. All 'b' 6 bats (D:1 D:2)
6 creatures vanquished. All 'c' A centaur (D:5)
1 creature vanquished. All 'g' 7 hobgoblins (D:1 D:2) 14 goblins (D:1 D:2 D:3)
21 creatures vanquished. All 'h' A black bear (D:5) A hound (D:7) 15 jackals (D:1 D:2 D:3)
17 creatures vanquished. All 'l' 8 giant geckos (D:1 D:2 D:3 D:4 D:6) 8 giant newts (D:1 D:2 D:3 D:4)
16 creatures vanquished. All 'o' An orc priest (D:4) 4 orc wizards (D:5 D:6) 16 orcs (D:3 D:4 D:5 D:6 D:7)
21 creatures vanquished. All 'r' 3 quokkas (D:2 D:6) A rat (D:1)
4 creatures vanquished. All 's' 3 giant cockroaches (D:1 D:3)
3 creatures vanquished. All 'w' 2 worms (D:2 D:3)
2 creatures vanquished. All 'y' 4 killer bees (D:7)
4 creatures vanquished.
117 creatures vanquished. Monster Nature Uniques Menkaure (D:6)
1 creature vanquished. Natural Monsters A black bear (D:5) An ogre (D:4) A centaur (D:5) 4 killer bees (D:7) A hound (D:7) An orc priest (D:4) 4 orc wizards (D:5 D:6) 4 adders (D:2 D:4 D:3) An ooze (D:4) 2 worms (D:2 D:3) 8 giant geckos (D:1 D:2 D:3 D:4 D:6) 16 orcs (D:3 D:4 D:5 D:6 D:7) 3 giant cockroaches (D:1 D:3) 7 hobgoblins (D:1 D:2) 15 jackals (D:1 D:2 D:3) 9 kobolds (D:1 D:2 D:3) 3 quokkas (D:2 D:6) A ball python (D:2) 6 bats (D:1 D:2) 8 giant newts (D:1 D:2 D:3 D:4) 14 goblins (D:1 D:2 D:3) A rat (D:1)
111 creatures vanquished. Undead Monsters A centaur skeleton (D:6) A worker ant zombie (D:5) An adder zombie (D:6) An adder skeleton (D:4)
4 creatures vanquished. Demonic Monsters A crimson imp (D:6)
1 creature vanquished.
117 creatures vanquished. Ascending Order Menkaure (D:6) A black bear (D:5) An ogre (D:4) A centaur (D:5) A crimson imp (D:6) A centaur skeleton (D:6) An orc priest (D:4) A hound (D:7) A worker ant zombie (D:5) An adder zombie (D:6) An ooze (D:4) An adder skeleton (D:4) A ball python (D:2) A rat (D:1) 2 worms (D:2 D:3) 3 giant cockroaches (D:1 D:3) 3 quokkas (D:2 D:6) 4 killer bees (D:7) 4 orc wizards (D:5 D:6) 4 adders (D:2 D:4 D:3) 6 bats (D:1 D:2) 7 hobgoblins (D:1 D:2) 8 giant geckos (D:1 D:2 D:3 D:4 D:6) 8 giant newts (D:1 D:2 D:3 D:4) 9 kobolds (D:1 D:2 D:3) 14 goblins (D:1 D:2 D:3) 15 jackals (D:1 D:2 D:3) 16 orcs (D:3 D:4 D:5 D:6 D:7)
117 creatures vanquished.

Notes
Turn   | Place    | Note
--------------------------------------------------------------
     0 | D:1      | Aarh the Troll Monk began the quest for the Orb.
     0 | D:1      | Reached XP level 1. HP: 22/22 MP: 0/0
   162 | D:1      | Reached XP level 2. HP: 23/29 MP: 1/1
   330 | D:1      | Reached XP level 3. HP: 36/36 MP: 2/2
  1024 | D:2      | Reached skill level 3 in Dodging
  1266 | D:3      | Reached XP level 4. HP: 44/44 MP: 3/3
  1452 | D:2      | Found a white marble altar of Elyvilon.
  1951 | D:5      | Entered Level 5 of the Dungeon
  1972 | D:4      | Noticed Crazy Yiuf
  2057 | D:4      | Reached XP level 5. HP: 50/52 MP: 4/4
  2081 | D:4      | Noticed an ogre
  2089 | D:4      | Killed an ogre
  2089 | D:4      | Reached skill level 3 in Fighting
  2089 | D:4      | Reached skill level 5 in Unarmed Combat
  2236 | D:5      | Noticed a centaur
  2673 | D:3      | Reached XP level 6. HP: 54/61 MP: 5/5
  2831 | D:3      | Found an iron altar of Okawaru.
  2963 | D:5      | Found a snail-covered altar of Cheibriados.
  3122 | D:5      | Reached skill level 2 in Stealth
  3201 | D:5      | Noticed a black bear
  3208 | D:5      | Killed a black bear
  3208 | D:5      | Reached skill level 1 in Throwing
  3208 | D:5      | Reached skill level 4 in Dodging
  3301 | D:5      | Killed a centaur
  3407 | D:6      | Found an ancient bone altar of Kikubaaqudgha.
  3407 | D:6      | Found a shimmering altar of Xom.
  3409 | D:6      | Found a sparkling altar of Nemelex Xobeh.
  3410 | D:6      | Found a sacrificial altar of Ru.
  3410 | D:6      | Found a white marble altar of Elyvilon.
  3411 | D:6      | Found a radiant altar of Vehumet.
  3444 | D:6      | Reached XP level 7. HP: 63/68 MP: 6/6
  3492 | D:6      | Noticed Menkaure
  3501 | D:6      | Killed Menkaure
  3503 | D:6      | Reached skill level 4 in Fighting
  3643 | D:6      | Reached skill level 2 in Throwing
  3852 | D:7      | Reached skill level 6 in Unarmed Combat
  3862 | D:7      | HP: 17/70 [killer bee (8)]
  3863 | D:7      | HP: 7/70 [killer bee (5)]
  3865 | D:7      | HP: 1/70 [killer bee (4)]
  3866 | D:7      | Mangled by a killer bee

Action                   |  1- 3 |  4- 6 |  7- 9 || total
-------------------------+-------+-------+-------++-------
Melee: Unarmed           |   129 |   144 |    50 ||   323
Throw: Tomahawk          |       |     4 |       ||     4
       Javelin           |       |     3 |       ||     3
  Use: Scroll            |       |       |     5 ||     5
       Potion            |       |       |     3 ||     3
 Stab: Sleeping          |     2 |     3 |       ||     5
  Eat: Chunk             |    17 |    18 |     1 ||    36
       Royal jelly       |       |     1 |       ||     1
       Fruit             |       |       |     1 ||     1
       Beef jerky        |       |       |     1 ||     1
Dungeon Crawl Stone Soup version 0.17.0-57-g0e89251 (webtiles) character file. 953 Aarh the Ruffian (level 7, -6/70 HPs) Began as a Troll Monk on Dec 8, 2015. Mangled by a killer bee (8 damage) ... on level 7 of the Dungeon. The game lasted 00:25:49 (3866 turns). Aarh the Ruffian (Troll Monk) Turns: 3866, Time: 00:25:49 Health: -6/70 AC: 5 Str: 20 XL: 7 Next: 90% Magic: 6/6 EV: 11 Int: 8 God: Gold: 226 SH: 0 Dex: 12 Spells: 0 memorised, 6 levels left rFire . . . SeeInvis . - Unarmed rCold . . . Clarity . a - +0 robe rNeg . . . SustAt . (no shield) rPois . Gourm + (helmet restricted) rElec . Spirit . (no cloak) rCorr . Warding . (gloves unavailable) rMut . Stasis . (boots unavailable) MR ..... (no amulet) Stlth ++........ (no ring) (no ring) @: hasted, very quick, not resistant to hostile enchantments, unstealthy A: unfitting armour, claws 3, fast metabolism 3, gourmand, regeneration 2, shaggy fur 1, tough skin 2 a: no special abilities Innate Abilities, Weirdness & Mutations You are too large for most types of armour. You have claws for hands. Your metabolism is lightning-fast. You like to eat raw meat. You heal very quickly. You are covered in fur (AC +1). You have very tough skin (AC +2). Skills: * Level 4.3 Fighting * Level 2.2 Throwing + Level 4.5 Dodging * Level 2.6 Stealth + Level 6.0 Unarmed Combat You had 6 spell levels left. You didn't know any spells. You were on level 7 of the Dungeon. You were very full. You visited 1 branch of the dungeon, and saw 7 of its levels. You collected 226 gold pieces. You could see 2 killer bees and an adder. Message History You miss the killer bee. You feel sick. The killer bee buzzes angrily. The killer bee stings you but does no damage. The killer bee closely misses you. You claw the killer bee! The killer bee is heavily wounded. The killer bee stings you. x2 * * * LOW HITPOINT WARNING * * * You scratch the killer bee. The killer bee is severely wounded. The killer bee barely misses you. The killer bee closely misses you. An adder comes into view. You claw the killer bee! You kill the killer bee! You feel sick. The killer bee closely misses you. Drink which item? (? for menu, Esc to quit) You feel better. The killer bee stings you. The killer bee closely misses you. You closely miss the killer bee. The killer bee barely misses you. The killer bee barely misses you. You claw the killer bee! The killer bee is heavily wounded. The killer bee closely misses you. x2 You miss the killer bee. The killer bee is heavily wounded. The killer bee stings you! * * * LOW HITPOINT WARNING * * * You miss the killer bee. The killer bee is heavily wounded. The killer bee stings you. * * * LOW HITPOINT WARNING * * * You are poisoned. The killer bee poisons you! The killer bee stings you. * * * LOW HITPOINT WARNING * * * Drink which item? (? for menu, Esc to quit) You feel better. The killer bee stings you. * * * LOW HITPOINT WARNING * * * The killer bee stings you. * * * LOW HITPOINT WARNING * * * Read which item? (? for menu, Esc to quit) As you read the scroll labeled ONISIC PUAX, it crumbles to dust. You hear a loud clanging noise! It was a scroll of noise. You hear an angry buzzing noise. The killer bee stings you but does no damage. The killer bee stings you. * * * LOW HITPOINT WARNING * * * Drink which item? (? for menu, Esc to quit) It was a potion of haste. You feel yourself speed up. The killer bee stings you! You die...

Action                   |  1- 3 |  4- 6 |  7- 9 || total
-------------------------+-------+-------+-------++-------
Melee: Unarmed           |   129 |   144 |    50 ||   323
Throw: Tomahawk          |       |     4 |       ||     4
       Javelin           |       |     3 |       ||     3
  Use: Scroll            |       |       |     5 ||     5
       Potion            |       |       |     3 ||     3
 Stab: Sleeping          |     2 |     3 |       ||     5
  Eat: Chunk             |    17 |    18 |     1 ||    36
       Royal jelly       |       |     1 |       ||     1
       Fruit             |       |       |     1 ||     1
       Beef jerky        |       |       |     1 ||     1
Notes Turn | Place | Note -------------------------------------------------------------- 0 | D:1 | Aarh the Troll Monk began the quest for the Orb. 0 | D:1 | Reached XP level 1. HP: 22/22 MP: 0/0 162 | D:1 | Reached XP level 2. HP: 23/29 MP: 1/1 330 | D:1 | Reached XP level 3. HP: 36/36 MP: 2/2 1024 | D:2 | Reached skill level 3 in Dodging 1266 | D:3 | Reached XP level 4. HP: 44/44 MP: 3/3 1452 | D:2 | Found a white marble altar of Elyvilon. 1951 | D:5 | Entered Level 5 of the Dungeon 1972 | D:4 | Noticed Crazy Yiuf 2057 | D:4 | Reached XP level 5. HP: 50/52 MP: 4/4 2081 | D:4 | Noticed an ogre 2089 | D:4 | Killed an ogre 2089 | D:4 | Reached skill level 3 in Fighting 2089 | D:4 | Reached skill level 5 in Unarmed Combat 2236 | D:5 | Noticed a centaur 2673 | D:3 | Reached XP level 6. HP: 54/61 MP: 5/5 2831 | D:3 | Found an iron altar of Okawaru. 2963 | D:5 | Found a snail-covered altar of Cheibriados. 3122 | D:5 | Reached skill level 2 in Stealth 3201 | D:5 | Noticed a black bear 3208 | D:5 | Killed a black bear 3208 | D:5 | Reached skill level 1 in Throwing 3208 | D:5 | Reached skill level 4 in Dodging 3301 | D:5 | Killed a centaur 3407 | D:6 | Found an ancient bone altar of Kikubaaqudgha. 3407 | D:6 | Found a shimmering altar of Xom. 3409 | D:6 | Found a sparkling altar of Nemelex Xobeh. 3410 | D:6 | Found a sacrificial altar of Ru. 3410 | D:6 | Found a white marble altar of Elyvilon. 3411 | D:6 | Found a radiant altar of Vehumet. 3444 | D:6 | Reached XP level 7. HP: 63/68 MP: 6/6 3492 | D:6 | Noticed Menkaure 3501 | D:6 | Killed Menkaure 3503 | D:6 | Reached skill level 4 in Fighting 3643 | D:6 | Reached skill level 2 in Throwing 3852 | D:7 | Reached skill level 6 in Unarmed Combat 3862 | D:7 | HP: 17/70 [killer bee (8)] 3863 | D:7 | HP: 7/70 [killer bee (5)] 3865 | D:7 | HP: 1/70 [killer bee (4)] 3866 | D:7 | Mangled by a killer bee

Table legend:
 A = Turns spent in this place as a percentage of turns spent in the entire game.
 B = Non-inter-level travel turns spent in this place as a percentage of non-inter-level travel turns spent in the entire game.
 C = Inter-level travel turns spent in this place as a percentage of turns spent in this place.
 D = Turns resting spent in this place as a percentage of non-inter-level travel turns spent in this place.
 E = Turns spent auto-exploring this place as a percentage of non-inter-level travel turns spent in this place.
 F = Non-inter-level travel turns spent in this place divided by the number of levels of this place that you've seen.
                   A       B       C       D       E      F
               +-------+-------+-------+-------+-------+----------------------
         Total | 100.0 | 100.0 |   0.1 |   1.0 |   5.6 | 237.1
       Dungeon | 100.0 | 100.0 |   0.1 |   1.0 |   5.6 | 237.1
               +-------+-------+-------+-------+-------+----------------------

Table legend:
 A = Kills in this place as a percentage of kills in entire the game.
 B = Kills by you in this place as a percentage of kills by you in the entire game.
 C = Kills by friends in this place as a percentage of kills by friends in the entire game.
 D = Other kills in this place as a percentage of other kills in the entire game.
 E = Experience gained in this place as a percentage of experience gained in the entire game.
 F = Experience gained in this place divided by the number of levels of this place that you have seen.
                   A       B       C       D       E      F
               +-------+-------+-------+-------+-------+----------------------
         Total | 100.0 | 100.0 |  -nan |  -nan | 100.0 | 194.6
       Dungeon | 100.0 | 100.0 |  -nan |  -nan | 100.0 | 194.6
               +-------+-------+-------+-------+-------+----------------------

Vault maps used:
D:1:      lightli_arrival_noodles
D:2:      first_bread, elyvilon_altar_4
D:3:      lemuel_statue_altar
D:4:      temple_fountains, uniq_crazy_yiuf_cottage
D:5:      nicolae_overflow_crystal_walls
D:6:      grunt_temple_overflow_open, lightli_church_of_beogh, uniq_menkaure,
          uniq_edmund, uniq_blork_the_orc
D:7:      grunt_dithmenos_shadows, uniq_duvessa
